3264 views
Uploaded 2020-03-29 15:50:47
Game version 1.32.3
13:24 long 3on3 ladder game on (6)UpperKingdom
Saved by Herzim
3264 views
Uploaded 2020-03-29 15:50:47
Game version 1.32.3
13:24 long 3on3 ladder game on (6)UpperKingdom


76 units @ 11.1k
/ 1.6k
38 buildings @ 6.4k
/ 2.2k


| Healing Salve | 2 | 200 |
| Lesser Clarity Potion | 2 | 140 |
| total: | 4 | 340g |
| Peon | 8 | 600 | / | 0 |
| Grunt | 6 | 1200 | / | 0 |
| Tauren | 7 | 1960 | / | 560 |
| total: | 21 | 3760g | / | 560w |
| Altar of Storms | 1 | 180 | / | 50 |
| Orc Burrow | 6 | 960 | / | 240 |
| Barracks | 1 | 180 | / | 50 |
| Voodoo Lounge | 1 | 130 | / | 30 |
| War Mill | 1 | 205 | / | 0 |
| Tauren Totem | 2 | 270 | / | 310 |
| Stronghold | 1 | 315 | / | 190 |
| Fortress | 1 | 325 | / | 190 |
| total: | 12 | 1925g | / | 680w |
| 0:05 | Peon |
| 0:05 | Peon |
| 0:08 | Altar of Storms |
| 0:21 | Orc Burrow |
| 0:30 | Peon |
| 0:36 | Barracks |
| 0:45 | Peon |
| 0:55 | Peon |
| 1:01 | Peon |
| 1:31 | Orc Burrow |
| 1:37 | Grunt |
| 1:52 | Voodoo Lounge |
| 1:58 | Peon |
| 2:19 | War Stomp |
| 2:36 | Grunt |
| 2:58 | Stronghold |
| 3:00 | Healing Salve |
| 3:29 | Grunt |
| 3:49 | Endurance Aura |
| 3:53 | Grunt |
| 3:56 | Orc Burrow |
| 5:21 | Berserker Strength |
| 5:22 | Fortress |
| 6:05 | War Mill |
| 6:11 | Tauren Totem |
| 6:19 | Healing Wave |
| 7:03 | War Stomp |
| 8:17 | Pulverize |
| 8:17 | Tauren |
| 8:23 | Peon |
| 8:28 | Tauren Totem |
| 8:31 | Grunt |
| 8:31 | Grunt |
| 8:39 | Lesser Clarity Potion |
| 8:44 | Lesser Clarity Potion |
| 8:51 | Healing Salve |
| 9:04 | Orc Burrow |
| 9:07 | Orc Burrow |
| 9:09 | Steel Armor |
| 9:36 | Tauren |
| 10:03 | Tauren |
| 10:24 | Tauren |
| 10:58 | Tauren |
| 11:00 | Tauren |
| 11:53 | Endurance Aura |
| 11:55 | Hex |
| 12:06 | Thorium Armor |
| 12:09 | Orc Burrow |
| 12:12 | Tauren |
| 12:23 | Healing Wave |
| Right click | 502 |
| Select group | 206 |
| Select | 130 |
| Misc. action | 73 |
| Build/train/purchase | 49 |
| Assign group | 22 |
| Use ability | 10 |
| Item give/drop | 1 |


| Rod of Necromancy | 4 | 600 |
| Orb of Corruption | 1 | 375 |
| Scroll of Town Portal | 1 | 350 |
| total: | 6 | 1325g |
| Acolyte | 3 | 225 | / | 0 |
| Ghoul | 3 | 360 | / | 0 |
| Crypt Fiend | 10 | 2150 | / | 400 |
| Obsidian Statue | 6 | 1200 | / | 210 |
| total: | 22 | 3935g | / | 610w |
| Nerubian Tower | 1 | 100 | / | 20 |
| Ziggurat | 6 | 900 | / | 300 |
| Altar of Darkness | 1 | 180 | / | 50 |
| Crypt | 1 | 200 | / | 50 |
| Tomb of Relics | 1 | 130 | / | 30 |
| Graveyard | 2 | 430 | / | 0 |
| Slaughterhouse | 1 | 140 | / | 135 |
| Halls of the Dead | 1 | 320 | / | 210 |
| Black Citadel | 1 | 325 | / | 230 |
| total: | 12 | 1980g | / | 565w |
| 0:01 | Acolyte |
| 0:05 | Ziggurat |
| 0:07 | Altar of Darkness |
| 0:09 | Acolyte |
| 0:34 | Acolyte |
| 0:37 | Crypt |
| 0:48 | Tomb of Relics |
| 1:13 | Graveyard |
| 1:15 | Graveyard |
| 1:34 | Ziggurat |
| 1:39 | Ghoul |
| 1:53 | Ghoul |
| 2:06 | Rod of Necromancy |
| 2:10 | Death Coil |
| 2:31 | Backpack |
| 2:41 | Crypt Fiend |
| 3:09 | Crypt Fiend |
| 3:12 | Rod of Necromancy |
| 3:37 | Crypt Fiend |
| 3:38 | Halls of the Dead |
| 3:38 | Crypt Fiend |
| 3:48 | Unholy Aura |
| 3:54 | Ziggurat |
| 4:22 | Crypt Fiend |
| 4:38 | Crypt Fiend |
| 5:19 | Creature Attack |
| 5:22 | Ghoul |
| 5:32 | Rod of Necromancy |
| 6:04 | Burrow |
| 6:18 | Slaughterhouse |
| 6:59 | Frost Armor |
| 7:01 | Black Citadel |
| 7:06 | Death Coil |
| 7:09 | Crypt Fiend |
| 7:36 | Crypt Fiend |
| 8:20 | Scroll of Town Portal |
| 8:29 | Ziggurat |
| 8:30 | Ziggurat |
| 8:33 | Rod of Necromancy |
| 9:23 | Obsidian Statue |
| 9:24 | Obsidian Statue |
| 9:25 | Crypt Fiend |
| 9:44 | Destroyer Form |
| 10:02 | Orb of Corruption |
| 10:12 | Web |
| 10:28 | Obsidian Statue |
| 10:30 | Ziggurat |
| 10:31 | Nerubian Tower |
| 11:17 | Frost Nova |
| 11:38 | Unholy Aura |
| 11:47 | Obsidian Statue |
| 11:54 | Improved Creature Attack |
| 12:40 | Obsidian Statue |
| 12:44 | Crypt Fiend |
| 12:45 | Obsidian Statue |
| 13:00 | Frost Nova |
| Select group | 1394 |
| Right click | 820 |
| Select | 422 |
| Misc. action | 278 |
| Build/train/purchase | 108 |
| Assign group | 88 |
| Use ability | 46 |
| Item give/drop | 9 |
| Esc | 6 |

| Potion of Mana | 1 | 200 |
| Scroll of Town Portal | 2 | 700 |
| Dust of Appearance | 1 | 75 |
| Scroll of Healing | 1 | 250 |
| Orb of Corruption | 1 | 375 |
| total: | 6 | 1600g |
| Wisp | 23 | 1380 | / | 0 |
| Archer | 5 | 650 | / | 50 |
| Dryad | 2 | 290 | / | 120 |
| Mountain Giant | 3 | 1050 | / | 300 |
| total: | 33 | 3370g | / | 470w |
| Altar of Elders | 1 | 180 | / | 50 |
| Moon Well | 7 | 1260 | / | 280 |
| Ancient of War | 1 | 150 | / | 60 |
| Tree of Life | 1 | 340 | / | 185 |
| Hunter's Hall | 1 | 210 | / | 100 |
| Ancient of Wonders | 1 | 90 | / | 30 |
| Ancient of Lore | 2 | 310 | / | 290 |
| Tree of Ages | 1 | 320 | / | 180 |
| Tree of Eternity | 1 | 330 | / | 200 |
| total: | 14 | 2540g | / | 995w |
| 0:02 | Wisp |
| 0:02 | Wisp |
| 0:06 | Altar of Elders |
| 0:17 | Moon Well |
| 0:21 | Wisp |
| 0:27 | Ancient of War |
| 0:31 | Wisp |
| 0:39 | Wisp |
| 0:52 | Wisp |
| 0:56 | Wisp |
| 1:13 | Wisp |
| 1:26 | Wisp |
| 1:29 | Archer |
| 1:39 | Wisp |
| 1:43 | Moon Well |
| 2:08 | Force of Nature |
| 2:36 | Wisp |
| 2:37 | Wisp |
| 2:56 | Entangling Roots |
| 2:57 | Archer |
| 3:06 | Wisp |
| 3:12 | Tree of Life |
| 3:25 | Archer |
| 3:36 | Wisp |
| 3:54 | Tree of Ages |
| 3:59 | Moon Well |
| 4:05 | Moon Well |
| 4:26 | Moon Well |
| 5:01 | Archer |
| 5:14 | Hunter's Hall |
| 5:19 | Archer |
| 5:58 | Force of Nature |
| 6:01 | Wisp |
| 6:01 | Wisp |
| 6:01 | Wisp |
| 6:01 | Wisp |
| 6:01 | Wisp |
| 6:03 | Wisp |
| 6:03 | Wisp |
| 6:18 | Improved Bows |
| 6:20 | Ultravision |
| 6:22 | Ancient of Lore |
| 6:23 | Ancient of Lore |
| 6:24 | Wisp |
| 6:24 | Wisp |
| 7:34 | Tree of Eternity |
| 7:35 | Strength of the Wild |
| 7:47 | Dryad |
| 7:48 | Abolish Magic |
| 8:00 | Dryad |
| 8:15 | Moon Well |
| 8:15 | Moon Well |
| 8:18 | Reinforced Hides |
| 8:21 | Ancient of Wonders |
| 8:39 | Scroll of Town Portal |
| 8:40 | Dust of Appearance |
| 9:34 | Mountain Giant |
| 9:42 | Improved Strength of the Wild |
| 9:42 | Improved Reinforced Hides |
| 10:08 | Entangling Roots |
| 10:15 | Hardened Skin |
| 10:15 | Resistant Skin |
| 10:56 | Scroll of Town Portal |
| 10:58 | Scroll of Healing |
| 11:57 | Mountain Giant |
| 11:58 | Mountain Giant |
| 12:04 | Orb of Corruption |
| 12:05 | Potion of Mana |
| 12:13 | Well Spring |
| 12:27 | Force of Nature |
| 12:48 | Nature's Blessing |
| Right click | 703 |
| Select group | 473 |
| Select | 252 |
| Misc. action | 151 |
| Use ability | 85 |
| Build/train/purchase | 68 |
| Assign group | 62 |
| Resource trade | 15 |
| Item give/drop | 1 |
| Esc | 1 |
85 units @ 12.1k
/ 1.1k
42 buildings @ 6k
/ 2.1k


| Healing Salve | 2 | 200 |
| Lesser Clarity Potion | 2 | 140 |
| Scroll of Speed | 1 | 50 |
| total: | 5 | 390g |
| Peon | 9 | 675 | / | 0 |
| Grunt | 13 | 2600 | / | 0 |
| Raider | 8 | 1440 | / | 320 |
| total: | 30 | 4715g | / | 320w |
| Altar of Storms | 1 | 180 | / | 50 |
| Orc Burrow | 6 | 960 | / | 240 |
| Barracks | 1 | 180 | / | 50 |
| Voodoo Lounge | 1 | 130 | / | 30 |
| War Mill | 2 | 410 | / | 0 |
| Beastiary | 1 | 145 | / | 140 |
| Stronghold | 2 | 630 | / | 380 |
| total: | 12 | 2005g | / | 510w |
| 0:02 | Peon |
| 0:05 | Altar of Storms |
| 0:11 | Peon |
| 0:19 | Orc Burrow |
| 0:31 | Peon |
| 0:44 | Peon |
| 0:48 | Barracks |
| 0:52 | Peon |
| 1:05 | Peon |
| 1:26 | Voodoo Lounge |
| 1:34 | Peon |
| 1:35 | Peon |
| 1:50 | Peon |
| 1:56 | Grunt |
| 2:11 | Feral Spirit |
| 2:12 | Grunt |
| 2:33 | Stronghold |
| 2:50 | Orc Burrow |
| 3:17 | Orc Burrow |
| 3:21 | Orc Burrow |
| 3:47 | Grunt |
| 4:08 | Grunt |
| 5:04 | Grunt |
| 5:06 | Beastiary |
| 5:27 | Healing Salve |
| 5:27 | Lesser Clarity Potion |
| 5:27 | Scroll of Speed |
| 5:37 | Grunt |
| 5:38 | Berserker Strength |
| 6:04 | Lesser Clarity Potion |
| 6:05 | Healing Salve |
| 6:08 | Hex |
| 6:14 | Raider |
| 6:14 | Ensnare |
| 6:15 | Orc Burrow |
| 7:05 | Chain Lighting |
| 7:16 | Grunt |
| 7:16 | Raider |
| 7:37 | Grunt |
| 7:37 | Raider |
| 8:13 | Grunt |
| 8:13 | Raider |
| 8:25 | Raider |
| 9:14 | Grunt |
| 9:14 | Raider |
| 9:37 | Grunt |
| 10:07 | War Mill |
| 10:09 | Orc Burrow |
| 10:27 | War Mill |
| 11:19 | Healing Wave |
| 11:22 | Grunt |
| 11:22 | Raider |
| 12:17 | Grunt |
| 12:18 | Raider |
| Right click | 590 |
| Select group | 292 |
| Select | 214 |
| Assign group | 101 |
| Build/train/purchase | 60 |
| Misc. action | 41 |
| Use ability | 29 |
| Minimap ping | 5 |
| Remove unit | 3 |
| Esc | 1 |
Herzim
(7)
(13:19) : 

| Scroll of Regeneration | 4 | 400 |
| Lesser Clarity Potion | 1 | 70 |
| Scroll of Town Portal | 1 | 350 |
| total: | 6 | 820g |
| Peasant | 20 | 1500 | / | 0 |
| Footman | 4 | 540 | / | 0 |
| Rifleman | 8 | 1640 | / | 240 |
| Sorceress | 1 | 155 | / | 20 |
| Priest | 1 | 135 | / | 10 |
| total: | 34 | 3970g | / | 270w |
| Scout Tower | 2 | 60 | / | 40 |
| Arcane Tower | 2 | 140 | / | 100 |
| Altar of Kings | 1 | 180 | / | 50 |
| Farm | 8 | 640 | / | 160 |
| Barracks | 2 | 320 | / | 120 |
| Town Hall | 1 | 385 | / | 205 |
| Arcane Vault | 2 | 260 | / | 60 |
| Lumber Mill | 1 | 120 | / | 0 |
| Blacksmith | 1 | 140 | / | 60 |
| Arcane Sanctum | 2 | 300 | / | 280 |
| Keep | 1 | 320 | / | 210 |
| total: | 20 | 2405g | / | 975w |
| 0:02 | Peasant |
| 0:09 | Altar of Kings |
| 0:17 | Peasant |
| 0:19 | Farm |
| 0:21 | Barracks |
| 0:24 | Peasant |
| 0:39 | Peasant |
| 0:48 | Farm |
| 0:50 | Peasant |
| 1:02 | Peasant |
| 1:15 | Peasant |
| 1:23 | Footman |
| 1:29 | Farm |
| 1:33 | Peasant |
| 1:44 | Footman |
| 2:00 | Footman |
| 2:09 | Peasant |
| 2:11 | Summon Water Elemental |
| 2:29 | Footman |
| 2:34 | Peasant |
| 3:04 | Town Hall |
| 3:19 | Peasant |
| 3:34 | Arcane Vault |
| 3:37 | Scout Tower |
| 4:05 | Brilliance Aura |
| 4:12 | Arcane Tower |
| 4:14 | Scout Tower |
| 4:16 | Peasant |
| 4:16 | Peasant |
| 4:20 | Farm |
| 4:26 | Lumber Mill |
| 4:58 | Barracks |
| 5:00 | Peasant |
| 5:00 | Peasant |
| 5:05 | Blacksmith |
| 5:11 | Peasant |
| 5:12 | Arcane Tower |
| 5:15 | Scroll of Regeneration |
| 5:49 | Peasant |
| 5:49 | Peasant |
| 5:57 | Farm |
| 5:58 | Farm |
| 6:16 | Rifleman |
| 6:23 | Scroll of Regeneration |
| 6:45 | Rifleman |
| 7:17 | Rifleman |
| 7:21 | Keep |
| 7:35 | Summon Water Elemental |
| 7:47 | Rifleman |
| 8:25 | Peasant |
| 8:25 | Peasant |
| 8:27 | Rifleman |
| 8:36 | Arcane Vault |
| 8:42 | Improved Masonry |
| 8:44 | Black Gunpowder |
| 8:47 | Farm |
| 8:47 | Farm |
| 9:06 | Scroll of Regeneration |
| 9:06 | Lesser Clarity Potion |
| 9:30 | Rifleman |
| 9:43 | Long Rifles |
| 10:24 | Arcane Sanctum |
| 10:25 | Arcane Sanctum |
| 11:07 | Rifleman |
| 11:18 | Rifleman |
| 11:45 | Sorceress |
| 12:11 | Refined Gunpowder |
| 12:24 | Priest |
| 12:40 | Scroll of Town Portal |
| 12:47 | Scroll of Regeneration |
| 12:51 | Flame Strike |
| Right click | 698 |
| Select group | 418 |
| Select | 269 |
| Build/train/purchase | 107 |
| Misc. action | 105 |
| Assign group | 57 |
| Resource trade | 15 |
| Use ability | 7 |
| Minimap ping | 7 |
| Esc | 2 |


| Rod of Necromancy | 2 | 300 |
| Dust of Appearance | 1 | 75 |
| Scroll of Town Portal | 1 | 350 |
| Scroll of Healing | 1 | 250 |
| total: | 5 | 975g |
| Acolyte | 2 | 150 | / | 0 |
| Ghoul | 8 | 960 | / | 0 |
| Crypt Fiend | 4 | 860 | / | 160 |
| Obsidian Statue | 5 | 1000 | / | 175 |
| Abomination | 2 | 480 | / | 140 |
| total: | 21 | 3450g | / | 475w |
| Altar of Darkness | 1 | 180 | / | 50 |
| Ziggurat | 4 | 600 | / | 200 |
| Crypt | 1 | 200 | / | 50 |
| Tomb of Relics | 1 | 130 | / | 30 |
| Graveyard | 1 | 215 | / | 0 |
| Slaughterhouse | 2 | 280 | / | 270 |
| Halls of the Dead | 1 | 320 | / | 210 |
| Black Citadel | 1 | 325 | / | 230 |
| total: | 10 | 1605g | / | 600w |
| 0:03 | Acolyte |
| 0:06 | Altar of Darkness |
| 0:09 | Ziggurat |
| 0:19 | Acolyte |
| 0:33 | Crypt |
| 1:05 | Tomb of Relics |
| 1:22 | Graveyard |
| 1:35 | Ghoul |
| 1:44 | Ziggurat |
| 1:53 | Ghoul |
| 2:06 | Death Coil |
| 2:11 | Rod of Necromancy |
| 2:37 | Ghoul |
| 2:38 | Ghoul |
| 3:28 | Crypt Fiend |
| 3:55 | Halls of the Dead |
| 4:01 | Unholy Aura |
| 4:16 | Crypt Fiend |
| 5:47 | Creature Attack |
| 7:16 | Crypt Fiend |
| 7:16 | Crypt Fiend |
| 7:21 | Slaughterhouse |
| 8:24 | Frost Nova |
| 8:25 | Rod of Necromancy |
| 8:26 | Dust of Appearance |
| 8:52 | Obsidian Statue |
| 8:52 | Obsidian Statue |
| 8:53 | Black Citadel |
| 8:56 | Ghoul |
| 8:56 | Ghoul |
| 8:56 | Ghoul |
| 9:28 | Ghoul |
| 10:00 | Ziggurat |
| 10:07 | Death Coil |
| 10:34 | Slaughterhouse |
| 11:39 | Ziggurat |
| 11:41 | Destroyer Form |
| 11:43 | Obsidian Statue |
| 11:43 | Obsidian Statue |
| 12:10 | Abomination |
| 12:11 | Disease Cloud |
| 12:43 | Improved Creature Attack |
| 12:43 | Creature Carapace |
| 12:45 | Unholy Strength |
| 12:45 | Unholy Armor |
| 12:47 | Abomination |
| 12:51 | Obsidian Statue |
| 13:22 | Scroll of Town Portal |
| 13:23 | Scroll of Healing |
| Right click | 788 |
| Select | 175 |
| Build/train/purchase | 51 |
| Misc. action | 30 |
| Select group | 26 |
| Assign group | 10 |
| Use ability | 9 |
| Remove unit | 5 |